AoeStats
← CazadorGT

Nomad

510177394Analyzed
2v2 RM · 2d ago on Sep 29, 2026· 71m 38s· 4 players
Game mode
Random Map
Map size
176×176
Population
200
Speed
Normal
Resources
Standard
Victory
Conquest
Starting age
Dark Age
Ending age
Imperial Age
RankedLock teamsTeams togetherTeam positionsShared explorationLock speedFull tech treeHidden civsTurbo modeCheats
Victory
Defeat
🇺🇸 Spanish · United States
1191
+15
🇬🇹 Malians · Guatemala
1164
+16
🇫🇷 Celts · France
1190
-16
🇨🇿 Spanish · Czechia
1143
-15
CazadorGT
9:49 Loom
11:06 Loom
13:46 Feudal Age
14:31 Double-Bit Axe
19:16 Castle Age
18:05 Forging
21:31 Iron Casting
25:41 Town Watch
28:12 Wheelbarrow
28:45 Scale Mail Armor
31:21 Chain Mail Armor
34:28 Gold Mining
37:45 Imperial Age
37:18 Fletching
40:20 Plate Mail Armor
42:21 Horse Collar
50:11 Conscription
53:43 Elite Gbeto
petey_hs
3:24 Loom
13:58 Feudal Age
18:28 Castle Age
17:56 Double-Bit Axe
19:23 Wheelbarrow
20:00 Fletching
21:11 Horse Collar
25:22 Bodkin Arrow
28:36 Bow Saw
32:20 Heavy Plow
33:50 Gold Mining
33:51 Stone Mining
34:03 Padded Archer Armor
37:52 Leather Archer Armor
42:05 Imperial Age
42:11 Hand Cart
43:11 Conscription
43:15 Town Watch
44:32 Chemistry
43:53 Ballistics
44:18 Stone Shaft Mining
43:45 Elite Conquistador
46:10 Town Patrol
46:15 Bracer
46:45 Ring Archer Armor
46:29 Bloodlines
46:19 Husbandry
47:23 Two-Man Saw
47:41 Light Cavalry
50:12 Hussar
52:47 Murder Holes
53:02 Masonry
52:54 Squires
52:39 Gambesons
56:08 Scale Barding Armor
56:13 Forging
68:19 Medium Warships
67:30 Elite Cannon Galleon
68:34 Careening
68:35 Clinker Construction
68:55 Architecture
68:49 Shipwright
68:55 Shipwright
68:45 Clinker Construction
68:45 Careening
69:44 Heavy Warships
Tatie
4:28 Loom
12:54 Feudal Age
13:21 Double-Bit Axe
15:46 Fishing Lines
17:29 Gold Mining
18:57 Stone Mining
21:51 Castle Age
23:30 Scale Barding Armor
24:09 Wheelbarrow
27:24 Chain Barding Armor
27:15 Forging
27:37 Hand Cart
28:38 Gillnets
34:05 Imperial Age
31:53 Town Watch
34:18 Fletching
37:09 Conscription
39:05 Scale Mail Armor
39:16 Onager
42:22 Capped Ram
45:35 Elite Woad Raider
48:57 Gold Shaft Mining
48:58 Stone Shaft Mining
49:43 Chain Mail Armor
55:04 Bow Saw
56:25 Siege Ram
TheShade
4:18 Loom
14:27 Feudal Age
21:21 Castle Age
21:34 Double-Bit Axe
22:27 Town Watch
24:37 Fletching
31:51 Bodkin Arrow
31:57 Padded Archer Armor
32:41 Elite Skirmisher
53:11 Wheelbarrow
Connection lost

Rejoining the realm…

Still unreachable

The connection could not be restored.

Session expired

The server has moved on; the page needs a fresh start.